 Dungeon Crawl Stone Soup version 0.20.1-1-g8b1a95d (webtiles) character file.

348 manyhoops the Gusty (level 6, -1/45 HPs)
             Began as a Demigod Air Elementalist on Aug 20, 2017.
             Slain by a wight
             ... wielding a +0 halberd
              (7 damage)
             ... on level 4 of the Dungeon.
             The game lasted 00:04:10 (2937 turns).

manyhoops the Gusty (Demigod Air Elementalist)      Turns: 2937, Time: 00:04:11

Health: -1/45      AC:  3    Str: 11    XL:     6   Next: 10%
Magic:  21/23      EV: 12    Int: 21    God:
Gold:   240        SH:  0    Dex: 21    Spells: 1/11 levels left

rFire    . . .     SeeInvis .   t - +0 mace
rCold    . . .     Gourm    .   (no shield)
rNeg     . . .     Faith    .   a - +1 robe
rPois    .         Spirit   .   (no helmet)
rElec    .         Reflect  .   (no cloak)
rCorr    .         Harm     .   (no gloves)
MR       .....                  (no boots)
Stlth    ++........             (no amulet)
Regen    0.2/turn               n - +3 ring of dexterity
MPRegen  0.2/turn               r - ring of magical power

@: drained
A: high mp 1
a: no special abilities


You were on level 4 of the Dungeon.
You were near starving.

You visited 1 branch of the dungeon, and saw 4 of its levels.

You collected 240 gold pieces.

Inventory:

Hand Weapons
 t - a +0 mace (weapon)
Armour
 a - a +1 robe (worn)
Jewellery
 n - a +3 ring of dexterity (left hand)
 r - a ring of magical power (right hand)
Wands
 e - a wand of disintegration (13/24)
 p - a wand of polymorph (21/24)
Scrolls
 d - 4 scrolls of fog
 f - a scroll of teleportation
 i - 4 scrolls of remove curse
 k - 2 scrolls of enchant weapon
 m - 2 scrolls of enchant armour
 o - a scroll of recharging
Potions
 g - 2 potions of flight
 l - a potion of haste
 s - a potion of brilliance {unknown}
Books
 b - a book of Air

   Spells                             Type                      Level
   a - Shock                          Conjuration/Air              1
   b - Swiftness                      Charms/Air                   2
   c - Static Discharge               Conjuration/Air              3
   d - Airstrike                      Air                          4
   e - Lightning Bolt                 Conjuration/Air              5
 j - a book of Misfortune

   Spells                             Type                      Level
   a - Confusing Touch                Hexes                        1
   b - Confuse                        Hexes                        3
   c - Gell's Gravitas                Translocation                3
   d - Petrify                        Transmutation/Earth          4
   e - Metabolic Englaciation         Hexes/Ice                    5
   f - Yara's Violent Unravelling     Hexes/Transmutation          5
Comestibles
 c - 3 bread rations
 h - a royal jelly
 q - a meat ration


   Skills:
 - Level 1.7(1.1) Dodging
 - Level 1.7(1.1) Stealth
 + Level 3.3(2.6) Spellcasting
 * Level 3.7(3.0) Conjurations
 + Level 4.2(3.6) Air Magic


You had one spell level left.
You knew the following spells:

 Your Spells              Type           Power        Failure   Level  Hunger
a - Shock                 Conj/Air       ###.         3%          1    None
b - Swiftness             Chrm/Air       ##......     10%         2    ##.....
c - Static Discharge      Conj/Air       ###.....     11%         3    ###....
d - Airstrike             Air            ###.......   30%         4    ####...


Dungeon Overview and Level Annotations

Branches:
Dungeon (4/15)
 Temple: D:4-7

Annotations:
D:2 1 runed door, Sigmund


Innate Abilities, Weirdness & Mutations

You have an increased reservoir of magic. (+10% MP)


Message History

You have reached level 6!
Your experience leads to a dramatic increase in your attributes!
Your base attributes are Str 11, Int 21, Dex 16.
Increase (S)trength, (I)ntelligence, or (D)exterity?
You feel agile. x2
The wight misses you. The wight misses you.
The wight hits you from afar with a halberd!
You feel drained.
The wight hits you from afar with a halberd!
* * * LOW HITPOINT WARNING * * *
The wight hits you but does no damage.
The wight hits you from afar with a halberd.
* * * LOW HITPOINT WARNING * * *
You feel drained. The wight closely misses you. The wight closely misses you.
The wight barely misses you.
The wight hits you from afar with a halberd!
You die...

#.<...............#.....⌠.....#
#.#################..⌠.....⌠..#
#............# ###.........##
#[.#########.#####.###.....###
#..# #.#.....# ###'#### #..#
#.#.########...#.#
#..#########..............#.#
###..........###.############.#
.............)z.@.............#
#####........###.#####...)#######
.............+...................
..###........###.########.#######
...######......#.#..........#
...# #.####............#.# ##.#
#.######.#........#.# ##.##
#.................#.# ....#
#..#####.##########.#


You could see a wight.

Vanquished Creatures
  A phantom (D:4)
  A scorpion (D:4)
  2 wights (D:4)
  3 worker ants (D:4)
  2 adders
  A leopard gecko (D:1)
  4 orcs (D:4)
  2 ball pythons
  3 bats (D:3)
  A giant cockroach (D:4)
  7 goblins
  4 hobgoblins
  2 kobolds (D:2)
  3 frilled lizards
  4 rats
40 creatures vanquished.

Notes
Turn   | Place    | Note
-------+----------+-------------------------------------------
     0 | D:1      | manyhoops the Demigod Air Elementalist began the quest for the Orb.
     0 | D:1      | Reached XP level 1. HP: 14/14 MP: 5/5
   239 | D:1      | Reached skill level 1 in Conjurations
   239 | D:1      | Reached skill level 3 in Air Magic
   284 | D:1      | Reached XP level 2. HP: 19/20 MP: 0/7
   980 | D:2      | Found an iron altar of Okawaru.
  1018 | D:2      | Found a runed door.
  1170 | D:2      | Noticed Sigmund
  1346 | D:3      | Found a white marble altar of Elyvilon.
  1493 | D:3      | Reached XP level 3. HP: 22/26 MP: 1/8
  1914 | D:4      | HP: 1/26 [wight/mace (3)]
  1915 | D:4      | Reached XP level 4. HP: 1/33 MP: 10/10
  2201 | D:4      | Learned a level 2 spell: Swiftness
  2205 | D:4      | Learned a level 3 spell: Static Discharge
  2428 | D:3      | Found a shimmering altar of Xom.
  2481 | D:4      | Reached XP level 5. HP: 38/38 MP: 12/12
  2567 | D:4      | Reached skill level 4 in Air Magic
  2653 | D:4      | Found a glowing silver altar of Zin.
  2653 | D:4      | Noticed a phantom
  2684 | D:4      | Killed a phantom
  2777 | D:4      | Learned a level 4 spell: Airstrike
  2781 | D:4      | Found a stormy altar of Qazlal.
  2926 | D:4      | Reached XP level 6. HP: 36/45 MP: 14/14
  2937 | D:4      | Slain by a wight

Skill      XL: |  1  2  3  4  5 |
---------------+----------------+-----
Conjurations   | 1 2 3 |  3.7
Air Magic      | 3 4 |  4.2
Spellcasting   | 2 3 |  3.3
Dodging        | |  1.7
Stealth        | |  1.7

Action                   |  1- 3 |  4- 6 || total
-------------------------+-------+-------++-------
Melee: Dagger            |     3 |       ||     3
 Cast: Shock             |    67 |    54 ||   121
  Use: Scroll            |     8 |       ||     8
       Potion            |     1 |       ||     1
  Eat: Chunk             |     2 |     1 ||     3
       Royal jelly       |     1 |       ||     1
Armor: Robe              |     1 |     2 ||     3
Dodge: Dodged            |     6 |     7 ||    13
